Map: Ulrena

Players

TheZergLord - Winner!

  • Race: Zerg Zerg
  • League: Master

Deusiro

  • Race: Protoss Protoss
  • League: Diamond

VOD

Have the link to the VOD?

Description

Time

  • Played on: Feb. 27, 2016, 12:31 p.m.
  • Length: 11:24
Show
View Real Time Build Order
Export as new Build Order

TheZergLord Zerg - Winner!

Build Orders: Hatch First 

Get SALT Encoding   

  12  0:01  Drone  
  13  0:13  Overlord  
  13  0:17  Drone  
  14  0:32  Drone x2  
  16  0:36  Drone  
  17  0:54  Hatchery  
  17  0:56  Drone  
  17  1:01  Drone  
  18  1:10  Extractor  
  17  1:15  Spawning Pool  
  17  1:17  Drone  
  17  1:21  Drone  
  18  1:29  Drone  
  19  1:39  Drone  
  20  1:54  Hatchery  
  19  2:01  Queen  
  19  2:04  Zergling x2  
  22  2:11  Metabolic Boost  
  22  2:13  Drone  
  22  2:15  Drone  
  24  2:19  Drone  
  25  2:27  Queen  
  27  2:30  Drone  
  27  2:35  Overlord  
  28  2:56  Drone x2  
  28  2:57  Drone, Overlord  
  31  2:59  Drone x2  
  33  3:06  Drone  
  33  3:08  Queen  
  33  3:12  Overlord  
  36  3:14  Zergling x4  
  36  3:15  Zergling x2  
  39  3:21  Zergling x4  
  39  3:24  Overlord  
  41  3:29  Drone x2  
  41  3:31  Queen  
  45  3:35  Drone  
  46  3:46  Overlord  
  46  3:53  Drone x8  
  53  4:03  Drone x2  
  53  4:09  Overlord  
  54  4:12  Drone x5  
  54  4:15  Overlord x2  
  59  4:21  Spore Crawler  
  59  4:22  Spore Crawler  
  57  4:26  Spore Crawler  
  57  4:27  Drone x3  
  57  4:28  Drone x2  
  61  4:40  Overlord  
  61  4:41  Drone x6  
  66  4:50  Overlord  
  66  4:54  Zergling x10  
  66  4:55  Zergling x2  
  66  4:56  Zergling x2  
  73  5:03  Hatchery, Lair  
  73  5:05  Roach Warren  
  70  5:17  Drone x10  
  70  5:21  Extractor  
  79  5:22  Extractor x2  
  79  5:24  Overlord  
  79  5:25  Extractor  
  79  5:26  Extractor, Drone x3  
  79  5:28  Drone  
  79  5:36  Overlord  
  79  5:37  Drone x4  
  79  5:47  Roach x6  
  93  5:53  Overlord x3  
  91  5:57  Roach x2  
  95  6:08  Roach  
  95  6:09  Roach x2  
  95  6:10  Overseer  
  95  6:11  Glial Reconstitution  
  96  6:17  Roach x3  
  100  6:31  Roach x4  
  100  6:32  Roach x2  
  112  6:34  Queen  
  114  6:40  Drone x3  
  114  6:42  Evolution Chamber x2  
  114  6:43  Infestation Pit  
  114  6:44  Zergling x8  
  114  6:45  Zergling x8  
  122  6:50  Drone  
  122  6:53  Drone  
  124  6:54  Overlord  
  124  6:59  Zergling x4  
  124  7:02  Drone  
  124  7:04  Drone  
  124  7:06  Drone  
  127  7:11  Hatchery, Zerg Melee Weapons Level 1, Zerg Ground Armor Level 1  
  127  7:12  Zergling x2  
  127  7:13  Zergling x6  
  124  7:29  Overseer  
  122  7:34  Hive  
  122  7:35  Pathogen Glands  
  122  7:36  Drone  
  125  7:37  Drone x8  
  125  7:39  Extractor  
  125  7:40  Drone  
  125  7:41  Extractor  
  127  7:47  Overlord  
  127  7:50  Zergling x2  
  127  7:51  Zergling x14  
  135  7:58  Spine Crawler  
  135  8:03  Zergling x4  
  135  8:04  Zergling x12  
  142  8:09  Drone x2  
  142  8:10  Drone  
  142  8:11  Drone x4  
  149  8:17  Zergling x4  
  151  8:26  Queen  
  153  8:34  Zergling x2  
  153  8:35  Zergling x6  
  153  8:37  Spore Crawler  
  153  8:38  Overlord x4  
  153  8:39  Hatchery  
  155  8:48  Adrenal Glands  
  155  8:51  Ultralisk Cavern  
  154  8:58  Overseer  
  151  9:15  Overseer  
  150  9:23  Zergling x2  
  149  9:24  Zergling x42  
  149  9:25  Zergling x2  
  165  9:40  Chitinous Plating  
  160  10:02  Overlord x2  
  158  10:07  Ultralisk x4  
  158  10:08  Ultralisk  
  188  10:15  Spore Crawler  
  188  10:16  Spore Crawler  
  186  10:27  Hatchery  
  185  10:32  Ultralisk x2  
  197  10:36  Queen  
Show
View Real Time Build Order
Export as new Build Order

Deusiro Protoss 

Build Orders: 1 Gate Expand, Dark Templar Rush 

Get SALT Encoding   

  12  0:00  Probe (Chrono Boost)  
  13  0:11  Probe (Chrono Boost)  
  14  0:18  Pylon  
  14  0:22  Probe (Chrono Boost)  
  15  0:37  Probe (Chrono Boost)  
  15  0:39  Gateway  
  16  0:47  Probe (Chrono Boost)  
  16  0:48  Assimilator  
  17  0:58  Probe (Chrono Boost)  
  18  1:08  Probe (Chrono Boost)  
  19  1:19  Probe (Chrono Boost)  
  20  1:28  Cybernetics Core  
  21  1:39  Nexus  
  20  1:46  Pylon  
  20  1:50  Probe (Chrono Boost)  
  21  1:58  Assimilator  
  21  2:00  Probe (Chrono Boost)  
  22  2:05  Adept (Chrono Boost)  
  24  2:08  Warp Gate (Chrono Boost)  
  24  2:18  Pylon  
  24  2:20  Probe  
  25  2:32  Mothership Core (Chrono Boost)  
  27  2:42  Twilight Council  
  27  2:51  Probe x2 (Chrono Boost)  
  28  3:02  Gateway, Probe (Chrono Boost)  
  28  3:03  Probe (Chrono Boost)  
  30  3:12  Probe (Chrono Boost)  
  31  3:17  Probe (Chrono Boost)  
  32  3:20  Dark Shrine  
  32  3:24  Stalker  
  34  3:35  Pylon  
  34  3:40  Probe (Chrono Boost)  
  34  3:41  Probe (Chrono Boost)  
  36  3:46  Pylon  
  36  3:50  Probe (Chrono Boost)  
  33  4:04  Probe x2 (Chrono Boost)  
  35  4:10  Pylon  
  35  4:14  Gateway, Probe (Chrono Boost)  
  36  4:21  Forge  
  36  4:30  Probe (Chrono Boost)  
  37  4:36  Dark Templar  
  39  4:45  Dark Templar  
  41  4:51  Gateway  
  41  4:54  Photon Cannon  
  39  5:17  Dark Templar x3  
  39  5:20  Probe x2 (Chrono Boost)  
  45  5:25  Assimilator  
  45  5:31  Gateway, Probe x2 (Chrono Boost)  
  47  5:41  Probe (Chrono Boost)  
  48  5:45  Photon Cannon  
  48  5:47  Probe (Chrono Boost)  
  49  5:52  Probe (Chrono Boost)  
  50  5:57  Probe (Chrono Boost)  
  43  6:21  Dark Templar x3  
  47  6:25  Assimilator  
  47  6:32  Protoss Ground Weapons Level 1 (Chrono Boost)  
  47  6:33  Robotics Facility  
  47  6:35  Zealot  
  47  6:38  Probe (Chrono Boost)  
  47  6:39  Probe  
  50  6:45  Zealot  
  53  6:49  Probe  
  53  6:51  Probe  
  53  6:53  Pylon  
  55  6:59  Probe  
  56  7:02  Adept x4  
  56  7:06  Pylon  
  64  7:10  Photon Cannon  
  62  7:28  Dark Templar x3  
  60  7:38  Immortal (Chrono Boost)  
  62  7:50  Nexus  
  62  7:53  Pylon  
  62  7:55  Robotics Bay  
  61  8:02  Zealot  
  61  8:03  Zealot x4  
  71  8:14  Warp Prism (Chrono Boost)  
  73  8:23  Sentry  
  73  8:24  Photon Cannon, Stalker  
  73  8:26  Sentry  
  79  8:30  Probe x2  
  79  8:33  Pylon  
  81  8:42  Probe  
  81  8:45  Disruptor (Chrono Boost)  
  85  8:50  Dark Templar  
  85  8:51  Dark Templar  
  89  9:08  Dark Templar  
  89  9:15  Dark Templar  
  89  9:16  Zealot  
  93  9:23  Dark Templar  
  91  9:25  Zealot x3  
  87  9:47  Dark Templar  
  81  9:56  Disruptor (Chrono Boost)  
  81  9:57  Zealot  
  81  9:58  Zealot x3  
  92  10:08  Probe  
  91  10:18  Nexus  
  91  10:21  Pylon  
  91  10:28  Observer (Chrono Boost)  
  92  10:31  Twilight Council  
  92  10:35  Pylon  
  92  10:38  Pylon  
  92  10:45  Pylon  
  92  10:52  Zealot x4  
  100  11:04  Gateway  
  91  11:14  Zealot x2  
  91  11:15  Zealot x2  
Tags
 
Add a new tag
Caveats
  • Supply blocks, unpowered buildings, or Contaminate may cause inaccurate times.
  • Supply counts are checked every 10 seconds.